 Dungeon Crawl Stone Soup version 0.29-a0-857-g9b1aa3ac5b (webtiles) character file.

Game seed: 2507193413921748346

3 Kelathor the Sneak (level 1, 7/16 HPs)
             Began as a Human Brigand on July 16, 2022.
             Quit the game on level 1 of the Dungeon.
             The game lasted 00:00:59 (107 turns).

Kelathor the Sneak (Human Brigand)                   Turns: 107, Time: 00:01:00

Health: 7/16       AC:  3    Str: 11    XL:     1   Next: 55%
Magic:  1/1        EV: 11    Int: 11    God:
Gold:   0          SH:  0    Dex: 14    Spells: 0/0 levels left

rFire   . . .      SeeInvis .   a - +2 dagger
rCold   . . .      Faith    .   (no shield)
rNeg    . . .      Spirit   .   b - +0 robe
rPois   .          Reflect  .   (no helmet)
rElec   .          Harm     .   c - +0 cloak
rCorr   .          Rampage  .   (no gloves)
Will    .....                   (no boots)
Stlth   +++.......              (no amulet)
HPRegen 0.05/turn               (no ring)
MPRegen 0.07/turn               (no ring)

@: no status effects
A: no striking features
a: no special abilities


You were on level 1 of the Dungeon.
You visited 1 branch of the dungeon, and saw 1 of its levels.

Inventory:

Hand Weapons
 a - a +2 dagger (weapon)
Missiles
 d - 9 poisoned darts (quivered)
 e - 3 curare-tipped darts
Armour
 b - a +0 robe (worn)
 c - a +0 cloak (worn)


   Skills:
 + Level 2.0 Fighting
 + Level 2.0 Short Blades
 + Level 2.0 Throwing
 + Level 1.0 Dodging
 + Level 4.2 Stealth


You couldn't memorise any spells.
You didn't know any spells.
Your spell library was empty.

Dungeon Overview and Level Annotations

Branches:
Dungeon (1/15)

Altars:


Message History

The hobgoblin is heavily wounded.
The rat closely misses you. The hobgoblin barely misses you.
The kobold hits you but does no damage.
You closely miss the hobgoblin.
The hobgoblin is heavily wounded.
The rat bites you but does no damage. The hobgoblin hits you.
The kobold hits you but does no damage.
You barely miss the hobgoblin.
The hobgoblin is heavily wounded.
The rat bites you. The kobold barely misses you. The hobgoblin hits you.
You hit the hobgoblin.
You kill the hobgoblin!
The rat completely misses you. The kobold hits you but does no damage.
The rat bites you but does no damage. The kobold hits you but does no damage.
You hit the rat.
You kill the rat!
The kobold misses you. The kobold attacks as you move away!
The kobold misses you.
You barely miss the kobold. The kobold hits you but does no damage.
You closely miss the kobold. Your punch misses the kobold.
The kobold hits you with a +0 dagger.
* * * LOW HITPOINT WARNING * * *
You hit the kobold but do no damage. You barely miss the kobold.
The kobold hits you but does no damage.
You hit the kobold.
The kobold is heavily wounded.
The kobold closely misses you.
You hit the kobold.
You kill the kobold!
You see here a +0 dagger.
You see here a +0 dagger.
You open the door.
Found 4 stones.
There is an open door here.
You see here 4 stones.
You open the door.
There is an open door here.
You open the door.
There is an open door here.
Are you sure you want to abandon this character and quit the game? (Confirm with "yes".)

#### ###
##..##########..##
#..(.'......#....#
#....#......'@...#
##..##########..##
#'##.......8 #+#
#..#..P.P...
#..#.P.P.P..
#..#..P....8
#..#.P.P.P..
♣#..#....P.P.
♣.......P....


There were no monsters in sight!

Vanquished Creatures
  A hobgoblin (D:1)
  A kobold (D:1)
  A rat (D:1)
3 creatures vanquished.

Notes
Turn   | Place    | Note
-------+----------+-------------------------------------------
     0 | D:1      | Kelathor the Human Brigand began the quest for the Orb.
     0 | D:1      | Reached XP level 1. HP: 16/16 MP: 1/1
   107 | D:1      | Quit the game

Illustrated notes

Levels and vault maps discovered:
D:1:      sevenhm_arrival_forest_fort_large_4, layout_basic,
          hangedman_feature_mirror, nicolae_kite_square_tiling_tiny,
          minmay_tromino_v7

Action                   || total
-------------------------++-------
Melee: Dagger            ||    14
Armor: Robe              ||    11
Dodge: Dodged            ||    11

Table legend: (Time is in decaauts)
 A = Elapsed time spent in this place.
 B = Non-inter-level travel time spent in this place.
 C = Inter-level travel time spent in this place.
 D = Time resting spent in this place.
 E = Time spent auto-exploring this place.
 F = Levels seen in this place.
 G = Mean time per level.
                   A        B        C        D        E       F      G
               +--------+--------+--------+--------+--------+-----+--------+
         Total |    105 |     97 |      8 |      0 |      0 |   1 |  105.0 |
       Dungeon |    105 |     97 |      8 |      0 |      0 |   1 |  105.0 |
               +--------+--------+--------+--------+--------+-----+--------+

Top non-repeatable levels by time:
     D:1: 105 daAuts
